 Dungeon Crawl Stone Soup version 0.27.0-1-g7a089689b8 (webtiles) character file.

Game seed: 5503723097895562312

16 Malachi the Skirmisher (level 2, 20/25 HPs)
             Began as a Palentonga Fighter on Aug 15, 2021.
             Was a Follower of Makhleb.
             Got out of the dungeon alive.
             The game lasted 00:00:20 (212 turns).

Malachi the Skirmisher (Palentonga Fighter)          Turns: 212, Time: 00:00:20

Health: 20/25      AC:  6    Str: 19    XL:     2   Next: 37%
Magic:  2/2        EV:  5    Int:  8    God:    Makhleb [*.....]
Gold:   13         SH:  8    Dex:  9    Spells: 1/1 levels left

rFire    . . .     SeeInvis +   a - +0 war axe
rCold    . . .     Faith    .   c - +0 kite shield
rNeg     . . .     Spirit   .   b - +0 scale mail
rPois    .         Reflect  .   (no helmet)
rElec    .         Harm     .   (no cloak)
rCorr    .         Rampage  .   (no gloves)
Will     .....                  (no barding)
Stlth    ..........             (no amulet)
HPRegen  0.08/turn              (no ring)
MPRegen  0.08/turn              (no ring)

@: no status effects
A: large, rugged brown scales 3, see invisible, deformed body, roll 1, armoured
tail
a: Rolling Charge, Renounce Religion


You escaped.
You worshipped Makhleb.
Makhleb was aware of your devotion.
You visited 1 branch of the dungeon, and saw 1 of its levels.

You collected 13 gold pieces.

Inventory:

Hand Weapons
 a - a +0 war axe (weapon)
Armour
 b - a +0 scale mail (worn)
 c - a +0 kite shield (worn)
Scrolls
 f - a scroll of immolation {unknown}
Potions
 d - a potion of might
 e - a potion of lignification {unknown}


   Skills:
 + Level 3.2 Fighting
 + Level 2.1 Axes
 + Level 2.6 Armour
 + Level 2.6 Shields


You had one spell level left.
You didn't know any spells.
Your spell library was empty.

Dungeon Overview and Level Annotations

Branches:
Dungeon (1/15)

Altars:
Makhleb


Innate Abilities, Weirdness & Mutations

You are completely covered in rugged brown scales. (AC +3, +7% HP)
You have supernaturally acute eyesight. (SInv)
Armour fits poorly on your strangely shaped body.
You can roll at nearby foes to attack.
You have a long armoured tail.


Message History

The jackal bites you but does no damage.
The ball python bites you but does no damage.
The jackal bites you but does no damage.
You block the ball python's attack.
You barely miss the jackal. You slash the ball python!
You kill the ball python!
Makhleb accepts your kill. You block the jackal's attack.
The jackal barely misses you.
You closely miss the jackal. You block the jackal's attack.
The jackal bites you.
Your shield prevents you from hitting the jackal.
The jackal splashes around in the water.
The jackal barely misses you. x2
You slash the jackal!
You kill the jackal!
Makhleb accepts your kill. The jackal barely misses you.
You slash the jackal!
You kill the jackal!
Makhleb accepts your kill.
You feel better.
The hobgoblin hits you but does no damage.
You closely miss the hobgoblin. You block the hobgoblin's attack.
You barely miss the hobgoblin. The hobgoblin hits you.
You block the hobgoblin's attack.
You closely miss the hobgoblin. You block the hobgoblin's attack.
The hobgoblin hits you.
You slash the hobgoblin!
You kill the hobgoblin!
Makhleb accepts your kill.
No target in view!
No target in view!
You enter the shallow water.
Moving in this stuff is going to be slow.
There is a burning altar of Makhleb here.
There is an open door here.
There is an open door here.
There is a staircase leading out of the dungeon here.
Are you sure you want to leave the Dungeon?
This will make you lose the game!
You have escaped!

ยง### #.........>.#
##############...........##
# ....#.........#.........#
#.......#.#....#.#....#.#.#
#..........#..##.##..#....#
#.....#....#..#...#..#....#
#.....#.#..#..#...#..#..#.#
#.....#..###.........###..#
#.....##......#.@.#......##
#.....#.......#...#....###
........###....###.....#
........# #.....#......#
........# #............#
....)...##..##.....##...
........##.###.....###..#
........##. .#...# #..#
........#


There were no monsters in sight!

Vanquished Creatures
  3 ball pythons (D:1)
  2 goblins (D:1)
  2 hobgoblins (D:1)
  4 jackals (D:1)
  A bat (D:1)
12 creatures vanquished.

Notes
Turn   | Place    | Note
-------+----------+-------------------------------------------
     0 | D:1      | Malachi the Palentonga Fighter began the quest for the Orb.
     0 | D:1      | Reached XP level 1. HP: 19/19 MP: 1/1
   135 | D:1      | Found a faded altar of an unknown god.
   140 | D:1      | Reached XP level 2. HP: 23/25 MP: 2/2
   149 | D:1      | Became a worshipper of Makhleb the Destroyer
   149 | D:1      | Reached * piety under Makhleb
   212 | D:$      | Got out of the dungeon alive.

Illustrated notes

Levels and vault maps discovered:
D:1:      erik_arrival_blinker_ship, layout_basic,
          shapermc_ecumenical_altar_starsandcircs

Action                   || total
-------------------------++-------
Melee: War axe           ||    26
       Tailslap          ||     2
Armor: Scale mail        ||    15
Dodge: Dodged            ||    13
Block: Kite shield       ||    12
